 Dungeon Crawl Stone Soup version 0.28-a0-422-gd71735cc25 (webtiles) character file.

Game seed: 13771745105963943405

30 heikuro the Shield-Bearer (level 3, -1/29 HPs)
             Began as a Formicid Fighter on Sept 9, 2021.
             Slain by a kobold (16 damage)
             ... on level 1 of the Dungeon.
             The game lasted 00:01:11 (909 turns).

heikuro the Shield-Bearer (Formicid Fighter)         Turns: 909, Time: 00:01:11

Health: -1/29      AC:  6    Str: 21    XL:     3   Next: 37%
Magic:  3/3        EV:  9    Int:  7    God:
Gold:   43         SH:  4    Dex: 10    Spells: 2/2 levels left

rFire   . . .      SeeInvis +   a - +0 long sword
rCold   . . .      Faith    .   c - +0 buckler
rNeg    . . .      Spirit   .   b - +0 scale mail
rPois   .          Reflect  .   (helmet unavailable)
rElec   .          Harm     .   (no cloak)
rCorr   .          Rampage  .   (no gloves)
Will    .....                   (no boots)
Stlth   ..........              h - amulet of magic regeneration
HPRegen 0.09/turn               (no ring)
MPRegen 0.33/turn               (no ring)

@: no status effects
A: permanent stasis, dig shafts and tunnels, antennae 3, four strong arms
a: Dig, Shaft Self


You were on level 1 of the Dungeon.
You visited 1 branch of the dungeon, and saw 1 of its levels.

You collected 43 gold pieces.

Inventory:

Hand Weapons
 a - a +0 long sword (weapon)
Armour
 b - a +0 scale mail (worn)
 c - a +0 buckler (worn)
 f - a +0 chain mail
Jewellery
 h - an amulet of magic regeneration (around neck)
Scrolls
 i - a scroll of identify {unknown}
Potions
 d - a potion of might
 e - 2 potions of curing {unknown}
 g - a potion of brilliance {unknown}


   Skills:
 + Level 3.6 Fighting
 * Level 2.6 Long Blades
 + Level 3.6 Armour
 - Level 4.0 Shields


You had 2 spell levels left.
You didn't know any spells.
Your spell library was empty.

Dungeon Overview and Level Annotations

Branches:
Dungeon (1/15)

Altars:


Innate Abilities, Weirdness & Mutations

You cannot be hasted, slowed, berserked, paralysed or teleported.
You can dig through walls and to a lower floor.
You have a pair of large antennae on your head. (SInv)
Your four strong arms can wield two-handed weapons with a shield.


Message History

The bat barely misses you. The bat hits you but does no damage.
You hit the bat but do no damage. The bat hits you but does no damage.
You barely miss the bat. The bat hits you but does no damage.
No target in view!
The bat hits you but does no damage. The bat hits you.
There is a large open door here.
The bat barely misses you. The bat closely misses you.
You slash the bat!
You kill the bat!
No target in view!
No target in view!
You open the large door.
There is a large open door here.
There is a large open door here.
Found a stone staircase leading down.
h - an amulet of magic regeneration You start putting on your amulet.
You continue putting on your amulet of magic regeneration. x5
You finish putting on your amulet of magic regeneration.
h - an amulet of magic regeneration (around neck)
i - a scroll labelled FUMOIS XUOCI A kobold comes into view.
It is wielding a +4 dagger of electrocution.
The kobold shouts!
A kobold is nearby!
A kobold comes into view. It is wielding a +0 short sword.
A giant cockroach comes into view.
The kobold shouts!
You hear an angry hiss.
A ball python comes into view.
A frilled lizard comes into view.
The frilled lizard hisses angrily.
You hit the kobold but do no damage. The kobold hits you but does no damage.
You are electrocuted!
You barely miss the kobold.
The kobold hits you with a +4 dagger of electrocution.
You are electrocuted!
Ouch! That really hurt!
You die...

#.#####..####..###.....#......
#.......## #....#...#..##..##
##..####.# #.##.....##..#..#.
#...# ##.# #.###.............
#...# #..# ##.# ##..#.##.#....
#...###.#####..## #..#.##......
######..##......###..#.....#...
##.##...............#......
##..#......@K.......####...#
#..##......K..####...##.....
#.###.....S.B.# #.......... #.#
#.........# #...##..... #.#
#.........# ##..##.....
######.# #.........# #..##.....
.......# #......l..# #.###.....
.....### #.........# #.........
.....# { #####.....


You could see a giant cockroach, a ball python, 2 kobolds and a frilled lizard.

Vanquished Creatures
  2 dart slugs (D:1)
  4 ball pythons (D:1)
  2 bats (D:1)
  2 endoplasms (D:1)
  A giant cockroach (D:1)
  A goblin (D:1)
  3 hobgoblins (D:1)
  4 quokkas (D:1)
  2 frilled lizards (D:1)
  A kobold (D:1)
  A rat (D:1)
23 creatures vanquished.

Notes
Turn   | Place    | Note
-------+----------+-------------------------------------------
     0 | D:1      | heikuro the Formicid Fighter began the quest for the Orb.
     0 | D:1      | Reached XP level 1. HP: 18/18 MP: 1/1
    93 | D:1      | Reached XP level 2. HP: 17/24 MP: 2/2
   519 | D:1      | Reached XP level 3. HP: 26/29 MP: 3/3
   580 | D:1      | Reached skill level 4 in Shields
   909 | D:1      | Slain by a kobold

Illustrated notes

Levels and vault maps discovered:
D:1:      heliophobic_arrival_battle_scene, layout_rooms, grunt_decor_arrowhead

Skill      XL: |  1  2  3 |
---------------+----------+-----
Shields        | 4 |  4.0
Fighting       | |  3.6
Long Blades    | |  2.6
Armour         | |  3.6

Action                   || total
-------------------------++-------
Melee: Long sword        ||    82
Armor: Scale mail        ||    40
Dodge: Dodged            ||    54
Block: Buckler           ||    21

Table legend: (Time is in decaauts)
 A = Elapsed time spent in this place.
 B = Non-inter-level travel time spent in this place.
 C = Inter-level travel time spent in this place.
 D = Time resting spent in this place.
 E = Time spent auto-exploring this place.
 F = Levels seen in this place.
 G = Mean time per level.
                   A        B        C        D        E       F      G
               +--------+--------+--------+--------+--------+-----+--------+
         Total |    932 |    932 |      0 |    281 |    426 |   1 |  932.0 |
       Dungeon |    932 |    932 |      0 |    281 |    426 |   1 |  932.0 |
               +--------+--------+--------+--------+--------+-----+--------+

Top non-repeatable levels by time:
     D:1: 932 daAuts
